[Event "Tuesday Night Round Robin Engine Tour 5m+1s Starts at 2200hrs ST"]
[Site "Infinity Chess"]
[Date "2018.1.24"]
[Round "12"]
[White "Eman"]
[Black "star99"]
[Result "1/2-1/2"]
[ECO "C77"]
[WhiteElo "2507"]
[BlackElo "2467"]
[WhiteEngine "Eman 1.67 64-bit POPCNT"]
[BlackEngine "Cryptic AIL V2"]
[EventType "Round Robin"]
[WhiteTeam ""]
[BlackTeam ""]
[PlyCount "224"]
[TimeControl "300+1"]

1. e4 e5 2. Nf3 Nc6 3. Bb5 a6 4. Ba4 Nf6 5. O-O Be7 6. Re1 b5 7. Bb3 O-O 
8. c3 d5 9. exd5 Nxd5 10. Nxe5 Nxe5 11. Rxe5 c6 12. Re1 Bd6 13. d3 Bf5 
14. Qf3 Qf6 15. Nd2 Qg6 16. Bd1 Bxd3 17. Ne4 Bxe4 18. Qxe4 Qxe4 19. Rxe4 Rae8 
20. Rxe8 Rxe8 21. Kf1 b4 22. Bd2 bxc3 23. bxc3 Be5 24. Rc1 g6 25. g3 Rb8 
26. Bb3 h5 27. c4 Ne7 28. c5 Nf5 29. Rd1 Kf8 30. h3 Bf6 31. Bc4 Be7 32. g4 hxg4 
33. hxg4 Ng7 34. Bh6 a5 35. Rd4 Rb1+ 36. Kg2 Rb4 37. Bd2 Ra4 38. Bh6 Rb4 
39. Kf3 g5 40. Re4 Kg8 41. Rxe7 Rxc4 42. Bxg5 Rxc5 43. Be3 Rc3 44. Kf4 Ra3 
45. Kg5 Rxa2 46. Kh6 Ra4 47. f4 Ra2 48. Ra7 Rh2+ 49. Kg5 Re2 50. Bc1 Rc2 
51. Be3 Re2 52. Ra8+ Kh7 53. Bc1 Rc2 54. Ba3 Ne6+ 55. Kf5 c5 56. g5 Kg7 
57. Rxa5 Nd4+ 58. Kg4 Rg2+ 59. Kh4 Ra2 60. Kh5 Nc2 61. f5 Rxa3 62. Rxc5 Rh3+ 
63. Kg4 Rh2 64. Kg3 Re2 65. g6 Nd4 66. gxf7 Re4 67. f6+ Kxf7 68. Rh5 Kxf6 
69. Ra5 Kg6 70. Kf2 Kf6 71. Rd5 Ke7 72. Kg3 Kf6 73. Ra5 Kg6 74. Kf2 Nc6 
75. Kf3 Rh4 76. Ra6 Rc4 77. Rb6 Kf5 78. Ke3 Ne5 79. Rb5 Ra4 80. Kd2 Ke6 
81. Kc3 Rh4 82. Kb3 Nc6 83. Kc3 Ne7 84. Kb3 Nc6 85. Rc5 Kd6 86. Rc1 Kd5 
87. Rf1 Ne5 88. Rg1 Nc6 89. Rg5+ Ne5 90. Rg3 Ke6 91. Rg1 Kd6 92. Re1 Kd5 
93. Rd1+ Kc5 94. Rf1 Rb4+ 95. Kc3 Rc4+ 96. Kb3 Rh4 97. Rf5 Kd6 98. Rg5 Nf3 
99. Rg2 Kd5 100. Kb2 Kc4 101. Rc2+ Kb4 102. Rc8 Ne5 103. Kc2 Rh2+ 104. Kb1 Nc4 
105. Rb8+ Kc3 106. Rc8 Rh1+ 107. Ka2 Rh4 108. Ka1 Kd4 109. Rd8+ Kc3 110. Rc8 Kd4 
111. Rd8+ Ke4 112. Kb1 Na5 1/2-1/2

[Event "Tuesday Night Round Robin Engine Tour 5m+1s Starts at 2200hrs ST"]
[Site "Infinity Chess"]
[Date "2018.1.24"]
[Round "12"]
[White "SkyPilot"]
[Black "incredible"]
[Result "0-1"]
[ECO "C53"]
[WhiteElo "2513"]
[BlackElo "2463"]
[WhiteEngine "stockfish_x64_bmi2_2018_01_13_CTG"]
[BlackEngine "stockfish_18012314_x64_bmi2"]
[EventType "Round Robin"]
[WhiteTeam ""]
[BlackTeam ""]
[PlyCount "208"]
[TimeControl "300+1"]

1. e4 e5 2. Nf3 Nc6 3. Bc4 Bc5 4. c3 Nf6 5. d3 a6 6. O-O Ba7 7. Re1 d6 8. a4 Ng4 
9. Re2 O-O 10. h3 Nf6 11. Re1 Re8 12. Nbd2 Be6 13. Bxe6 Rxe6 14. b4 h6 
15. Qc2 Qd7 16. Rb1 b5 17. Ra1 Rd8 18. Nb3 Bb6 19. a5 Ba7 20. Bd2 Nh5 
21. Nh4 Ne7 22. Be3 Bxe3 23. Rxe3 Nc6 24. Rd1 g6 25. d4 Ree8 26. Qd2 Nf4 
27. Nf3 Qc8 28. Rc1 g5 29. c4 bxc4 30. Rxc4 Na7 31. Kh2 Nb5 32. Rc6 Kh7 
33. Qd1 f6 34. Ng1 Qd7 35. d5 f5 36. g3 Ng6 37. Rxa6 fxe4 38. Nd2 Kg7 
39. Nxe4 Ne7 40. Nf3 Rf8 41. Qd3 Nf5 42. Re2 Nbd4 43. Ra7 Nxe2 44. Qxe2 Ra8 
45. Rxa8 Rxa8 46. Qc4 Qf7 47. g4 Ne7 48. Qxc7 Qxf3 49. Qxe7+ Kh8 50. Qxd6 Qxe4 
51. Qxh6+ Kg8 52. Qe6+ Kg7 53. Qe7+ Kh8 54. Qxg5 Rf8 55. Qh5+ Kg7 56. Qg5+ Kf7 
57. d6 Qf3 58. Kg1 Qd1+ 59. Kg2 Qxd6 60. a6 Qxa6 61. Qxe5 Qe6 62. Qh5+ Ke7 
63. Qc5+ Qd6 64. Qe3+ Kd7 65. Qa7+ Ke6 66. Qe3+ Qe5 67. Qb6+ Kf7 68. Qb7+ Kg8 
69. Qc6 Rf6 70. Qc8+ Kg7 71. Qd7+ Rf7 72. Qd3 Rf4 73. Qd7+ Kg8 74. Qc8+ Kf7 
75. Qd7+ Qe7 76. Qd5+ Qe6 77. Qd2 Qe4+ 78. Kg1 Qxb4 79. Qd5+ Ke7 80. Qe5+ Kd7 
81. Qg7+ Kc6 82. Qg6+ Qd6 83. Qc2+ Qc5 84. Qg6+ Kd7 85. Qh7+ Kc8 86. Qg8+ Rf8 
87. Qa2 Kc7 88. Qe2 Rf4 89. Qb2 Rf3 90. Qg7+ Kb6 91. Qb2+ Kc6 92. Qe2 Rxh3 
93. Kg2 Rc3 94. Qe8+ Kc7 95. f3 Qd6 96. Qf7+ Kb6 97. Qa2 Rd3 98. Qb2+ Kc7 
99. Qg7+ Kc6 100. Qh8 Rd2+ 101. Kh1 Kb6 102. Qh7 Rb2 103. Qh4 Qd1+ 
104. Qe1 Qxe1# 0-1

[Event "Tuesday Night Round Robin Engine Tour 5m+1s Starts at 2200hrs ST"]
[Site "Infinity Chess"]
[Date "2018.1.24"]
[Round "12"]
[White "KhalidOmar"]
[Black "Dovahkiin"]
[Result "1/2-1/2"]
[ECO "D30"]
[WhiteElo "2559"]
[BlackElo "2453"]
[WhiteEngine "Eman 1.67 64-bit BMI2"]
[BlackEngine "BrainFish_180113_x64_modern_CTG"]
[EventType "Round Robin"]
[WhiteTeam ""]
[BlackTeam ""]
[PlyCount "197"]
[TimeControl "300+1"]

1. d4 d5 2. c4 e6 3. Nf3 Nf6 4. Nc3 c6 5. Bg5 h6 6. Bxf6 Qxf6 7. e3 Nd7 
8. Bd3 dxc4 9. Bxc4 g6 10. O-O Bg7 11. e4 e5 12. d5 Nb6 13. Bb3 Bg4 14. Re1 Bxf3 
15. Qxf3 Qxf3 16. gxf3 O-O 17. dxc6 bxc6 18. Na4 Rfc8 19. Red1 Rc7 20. Rd6 Nxa4 
21. Bxa4 Bf8 22. Rxc6 Rxc6 23. Bxc6 Rb8 24. b3 Ba3 25. Bd5 Rc8 26. Bc4 Rd8 
27. Bd5 Rc8 28. Bc4 Rd8 29. Re1 Rd2 30. Re2 Rxe2 31. Bxe2 h5 32. Kg2 Bc5 
33. Kf1 Kg7 34. Ba6 Be7 35. Bc4 Bc5 36. Ke2 Kf6 37. Bd5 Ke7 38. a4 f5 
39. exf5 gxf5 40. f4 exf4 41. f3 h4 42. h3 Kd6 43. Ba8 Bb4 44. Kd3 a5 
45. Bb7 Ke5 46. Kc4 Be1 47. Kd3 Bb4 48. Kc4 Bd6 49. Kc3 Bb4+ 50. Kd3 Bd6 
51. Kc4 Bb4 52. Ba6 Kd6 53. Bb5 Be1 54. Be8 Ke5 55. Bd7 Bb4 56. Bb5 Be7 
57. Ba6 Bb4 58. Kd3 Kd5 59. Bc4+ Kd6 60. Bg8 Be1 61. Kd4 Bd2 62. Bh7 Ke6 
63. Bg8+ Kf6 64. Kd5 Be1 65. Be6 Bc3 66. Bc8 Bb4 67. Kc6 Ke5 68. Kb5 Kd4 
69. Bxf5 Ke3 70. Bg4 Kf2 71. Kc4 Kg3 72. Kd4 Bd6 73. Kd5 Bf8 74. Ke4 Bb4 
75. Bf5 Bd6 76. Kd5 Bb4 77. Bg4 Bd2 78. Ke6 Bc3 79. Kf5 Be1 80. Ke4 Bb4 
81. Kd4 Bd6 82. Kd5 Bb4 83. Kc4 Bd2 84. Kb5 Bb4 85. Kc6 Bc3 86. Kd7 Bb4 
87. Kd8 Bc3 88. Kd7 Bd2 89. Kc6 Bb4 90. Kd7 Bd2 91. Kc7 Bb4 92. Kd7 Bc3 
93. Kc7 Bd2 94. Kd8 Bc3 95. Kc7 Be5+ 96. Kb6 Bc3 97. Kc5 Bb4+ 98. Kc6 Bc3 
99. Kc7 1/2-1/2

[Event "Tuesday Night Round Robin Engine Tour 5m+1s Starts at 2200hrs ST"]
[Site "Infinity Chess"]
[Date "2018.1.24"]
[Round "12"]
[White "angriff"]
[Black "BraveDevil"]
[Result "1-0"]
[ECO "D12"]
[WhiteElo "2402"]
[BlackElo "2437"]
[WhiteEngine "Raubfisch ME262_GTZ16b2_CTG"]
[BlackEngine "Cryptic AIL V2"]
[EventType "Round Robin"]
[WhiteTeam ""]
[BlackTeam ""]
[PlyCount "191"]
[TimeControl "300+1"]

1. d4 d5 2. c4 c6 3. Nf3 Nf6 4. e3 Bf5 5. Nc3 e6 6. Nh4 Bg6 7. Nxg6 hxg6 
8. Bd2 Bd6 9. Qb3 Qc7 10. Rc1 dxc4 11. Bxc4 Qb6 12. h3 Qxb3 13. Bxb3 Nbd7 
14. Ke2 e5 15. dxe5 Bxe5 16. Rhd1 Nc5 17. Bc2 Ne6 18. f4 Bc7 19. Be1 Rh5 
20. Ne4 Nd5 21. Bf2 Ke7 22. h4 Rhh8 23. Ng5 Nxg5 24. hxg5 Rad8 25. Kf3 Nb4 
26. Bb1 Bb6 27. a3 Rxd1 28. Rxd1 Nd5 29. Ba2 f6 30. Bxd5 cxd5 31. Rxd5 Rh1 
32. e4 Bxf2 33. Kxf2 Rb1 34. Rb5 b6 35. Kf3 Kd7 36. Kg4 Kc6 37. Rb4 a5 
38. Rc4+ Kd7 39. b4 a4 40. b5 Rxb5 41. Rxa4 Ke7 42. Rb4 Ra5 43. Rxb6 Ra4 
44. Rb3 Kf8 45. g3 Ke8 46. Re3 Kf8 47. gxf6 gxf6 48. Kf3 Kf7 49. Ke2 Rd4 
50. e5 g5 51. e6+ Kf8 52. fxg5 fxg5 53. e7+ Ke8 54. Re5 Ra4 55. Rxg5 Kxe7 
56. Re5+ Kf6 57. Re3 Rd4 58. Rd3 Re4+ 59. Kd2 Rc4 60. Re3 Kf5 61. Kd3 Ra4 
62. Kc2 Ra8 63. Kb3 Rb8+ 64. Ka2 Ra8 65. Rc3 Ke5 66. g4 Rd8 67. g5 Ke6 
68. Rg3 Ke7 69. g6 Rd2+ 70. Kb3 Kf8 71. a4 Kg7 72. a5 Rd4 73. Rg5 Rd8 74. a6 Kh6 
75. Ra5 Rb8+ 76. Ka4 Kxg6 77. a7 Ra8 78. Kb5 Kf5 79. Ka6+ Ke4 80. Kb7 Re8 
81. a8=Q Rxa8 82. Rxa8 Kf3 83. Re8 Kf2 84. Kc6 Kf3 85. Kd5 Kf4 86. Re2 Kf5 
87. Rf2+ Kg4 88. Ke5 Kg3 89. Rf4 Kh3 90. Kf5 Kg3 91. Kg5 Kh3 92. Rg4 Kh2 
93. Kh4 Kh1 94. Kg3 Kg1 95. Rf4 Kh1 96. Rf1# 1-0

[Event "Tuesday Night Round Robin Engine Tour 5m+1s Starts at 2200hrs ST"]
[Site "Infinity Chess"]
[Date "2018.1.24"]
[Round "11"]
[White "Dovahkiin"]
[Black "BraveDevil"]
[Result "1/2-1/2"]
[ECO "A00"]
[WhiteElo "2454"]
[BlackElo "2436"]
[WhiteEngine "BrainFish_180113_x64_modern_CTG"]
[BlackEngine "Cryptic AIL V2"]
[EventType "Round Robin"]
[WhiteTeam ""]
[BlackTeam ""]
[PlyCount "116"]
[TimeControl "300+1"]

1. e3 e5 2. e4 Nf6 3. Nc3 Bb4 4. Nf3 O-O 5. Nxe5 d5 6. Nd3 Bxc3 7. dxc3 dxe4 
8. Nf4 Qxd1+ 9. Kxd1 Rd8+ 10. Ke1 Nc6 11. Ne2 h6 12. Ng3 a5 13. f3 Re8 
14. Kf2 Bd7 15. Be2 Ne5 16. Re1 exf3 17. gxf3 Rad8 18. c4 Nh7 19. h4 Bc6 
20. Be3 Rd6 21. Rad1 Rf6 22. f4 Ng6 23. Nh5 Rfe6 24. Bg4 Re4 25. Bd2 Nxh4 
26. Rxe4 Rxe4 27. Bc3 f5 28. Rd8+ Kf7 29. Be2 g6 30. Rc8 gxh5 31. Bxh5+ Ke6 
32. Rh8 Rxf4+ 33. Kg3 Ng6 34. Rxh7 Rf1 35. Bxg6 Rg1+ 36. Kf2 Rxg6 37. Bxa5 f4 
38. Bxc7 Rg2+ 39. Ke1 Bf3 40. Rxh6+ Kf5 41. Rh4 Bg4 42. Rh7 Rxc2 43. b3 Rxa2 
44. Rf7+ Ke4 45. Bxf4 Re2+ 46. Kf1 Rb2 47. Bh6 Be6 48. Rf6 Ke5 49. Bg7 Rxb3 
50. Rh6+ Kd6 51. Ke2 b6 52. Kd2 Rg3 53. Bd4 Rb3 54. Bc3 Kd7 55. Rh7+ Kc6 
56. Rh6 Kd7 57. Rh7+ Kc6 58. Rh6 Kd7 1/2-1/2

[Event "Tuesday Night Round Robin Engine Tour 5m+1s Starts at 2200hrs ST"]
[Site "Infinity Chess"]
[Date "2018.1.24"]
[Round "11"]
[White "incredible"]
[Black "KhalidOmar"]
[Result "1/2-1/2"]
[ECO "C55"]
[WhiteElo "2459"]
[BlackElo "2563"]
[WhiteEngine "stockfish_18012314_x64_bmi2"]
[BlackEngine "Eman 1.67 64-bit BMI2"]
[EventType "Round Robin"]
[WhiteTeam ""]
[BlackTeam ""]
[PlyCount "126"]
[TimeControl "300+1"]

1. e4 e5 2. Nf3 Nc6 3. Bc4 Nf6 4. d3 Bc5 5. c3 a5 6. O-O d6 7. Nbd2 O-O 
8. Re1 Be6 9. Bb5 Ne7 10. d4 Ba7 11. h3 Ng6 12. Ba4 c6 13. Bc2 Nh5 14. Nf1 Nhf4 
15. Ng3 f6 16. Nf5 d5 17. N3h4 Qd7 18. Bd2 dxe4 19. Bxe4 exd4 20. Nxg6 Nxg6 
21. Nxd4 Bd5 22. Bxd5+ Qxd5 23. Be3 Rfd8 24. a4 Bxd4 25. Qxd4 Ne5 26. Qxd5+ Rxd5 
27. b3 b5 28. f4 Nd3 29. Red1 bxa4 30. c4 Rd7 31. Rxa4 Re8 32. Bc1 Nc5 
33. Rxd7 Nxd7 34. Kf1 Nc5 35. Ra3 Kf7 36. f5 Re5 37. g4 Re4 38. Kf2 Re7 
39. Kf3 Rb7 40. Ke2 Rxb3 41. Rxa5 Nd7 42. Ra3 Rxa3 43. Bxa3 Ne5 44. c5 Nd7 
45. Kf3 g6 46. fxg6+ hxg6 47. h4 Ne5+ 48. Kf4 Ke6 49. h5 g5+ 50. Kg3 Nd3 
51. Kg2 Ne5 52. Kg3 Nd3 53. h6 Kf7 54. Kf3 Kg6 55. Ke4 Nf4 56. Bb2 Nd5 
57. h7 Kxh7 58. Kf5 Kg7 59. Ke6 Kg6 60. Ba3 Ne3 61. Kd7 f5 62. gxf5+ Kxf5 
63. Kxc6 g4 1/2-1/2

[Event "Tuesday Night Round Robin Engine Tour 5m+1s Starts at 2200hrs ST"]
[Site "Infinity Chess"]
[Date "2018.1.24"]
[Round "11"]
[White "star99"]
[Black "SkyPilot"]
[Result "1/2-1/2 "]
[ECO "E10"]
[WhiteElo "2465"]
[BlackElo "2515"]
[WhiteEngine "Cryptic AIL V2"]
[BlackEngine "stockfish_x64_bmi2_2018_01_13_CTG"]
[EventType "Round Robin"]
[WhiteTeam ""]
[BlackTeam ""]
[PlyCount "84"]
[TimeControl "300+1"]

1. d4 Nf6 2. c4 e6 3. Nf3 d5 4. e3 c6 5. Bd3 dxc4 6. Bxc4 Nbd7 7. b3 b5 
8. Be2 Bb4+ 9. Bd2 a5 10. Bxb4 axb4 11. Nbd2 O-O 12. Qc2 Bb7 13. O-O Qe7 
14. Rfc1 Nd5 15. Bf1 h6 16. Ne4 f5 17. Ned2 Ra7 18. e4 Nc3 19. exf5 exf5 
20. a4 bxa4 21. bxa4 c5 22. a5 Be4 23. Qb2 Qf6 24. Qb3+ Bd5 25. Bc4 Bxc4 
26. Qxc4+ Qf7 27. Qxf7+ Kxf7 28. Kf1 Rd8 29. Nb1 Ne4 30. Nbd2 Nc3 31. Nb1 Nxb1 
32. Raxb1 Rxa5 33. dxc5 Rxc5 34. Rd1 Rb5 35. Nd4 Rc5 36. Rxb4 Rd5 37. Ra1 Nf6 
38. Nc6 R8d6 39. Ra7+ Rd7 40. Rxd7+ Nxd7 41. Nd4 Nc5 42. Ke2 Re5+ 1/2-1/2

[Event "Tuesday Night Round Robin Engine Tour 5m+1s Starts at 2200hrs ST"]
[Site "Infinity Chess"]
[Date "2018.1.24"]
[Round "11"]
[White "OlivierEvan"]
[Black "Eman"]
[Result "1/2-1/2"]
[ECO "D31"]
[WhiteElo "2504"]
[BlackElo "2507"]
[WhiteEngine "Houdini 6"]
[BlackEngine "Eman 1.67 64-bit POPCNT"]
[EventType "Round Robin"]
[WhiteTeam ""]
[BlackTeam ""]
[PlyCount "124"]
[TimeControl "300+1"]

1. d4 d5 2. c4 e6 3. Nc3 c6 4. e4 dxe4 5. Nxe4 Bb4+ 6. Bd2 Qxd4 7. Bxb4 Qxe4+ 
8. Be2 Na6 9. Ba5 b6 10. Qd6 Bd7 11. Bc3 f6 12. Nf3 Nh6 13. Rd1 Rd8 14. Qa3 Bc8 
15. Nd2 Qf4 16. Bh5+ Nf7 17. O-O c5 18. Qa4+ Ke7 19. Rfe1 Ng5 20. Re3 Rd6 
21. Rde1 Rhd8 22. Nf3 Kf8 23. a3 Nf7 24. h3 Rd3 25. Rxd3 Rxd3 26. Be5 fxe5 
27. Bxf7 Nc7 28. Bg6 Rxf3 29. Qxa7 Qd2 30. Rf1 hxg6 31. Qxc7 Rb3 32. Qxc8+ Kf7 
33. Qb7+ Kf6 34. Qb8 Kf7 35. Qxe5 Rxb2 36. Qc7+ Kf6 37. Qg3 Kf7 38. Qf3+ Ke7 
39. Rd1 Qe2 40. Qxe2 Rxe2 41. Rb1 Rc2 42. Rxb6 Rxc4 43. Rb7+ Kf6 44. g3 Ra4 
45. Rc7 c4 46. Kf1 Ke5 47. Ke2 Kd4 48. Rd7+ Ke4 49. f3+ Kf5 50. Rc7 Kf6 
51. h4 Rxa3 52. Rxc4 Ra2+ 53. Ke3 g5 54. hxg5+ Kxg5 55. Rc3 e5 56. Ke4 Ra1 
57. Kxe5 Rg1 58. f4+ Kg4 59. Re3 Rxg3 60. Rxg3+ Kxg3 61. f5 Kf2 62. Kf4 Ke2 
1/2-1/2

[Event "Tuesday Night Round Robin Engine Tour 5m+1s Starts at 2200hrs ST"]
[Site "Infinity Chess"]
[Date "2018.1.24"]
[Round "11"]
[White "MarioDeMonti"]
[Black "Victorious"]
[Result "1/2-1/2"]
[ECO "D30"]
[WhiteElo "2481"]
[BlackElo "2518"]
[WhiteEngine "stockfish_x64_bmi2_2018_01_13_CTG"]
[BlackEngine "asmFishW_2017-11-19_popcnt"]
[EventType "Round Robin"]
[WhiteTeam ""]
[BlackTeam ""]
[PlyCount "126"]
[TimeControl "300+1"]

1. d4 d5 2. c4 e6 3. Nf3 Nf6 4. Nc3 c6 5. Bg5 h6 6. Bh4 dxc4 7. e4 g5 8. Bg3 b5 
9. Be2 Bb7 10. h4 g4 11. Ne5 Nbd7 12. Nxd7 Qxd7 13. Be5 Qd8 14. Qc2 Bg7 
15. Rd1 O-O 16. f3 gxf3 17. Bxf3 Qe7 18. Qf2 Rad8 19. O-O c5 20. Nxb5 Nxe4 
21. Bxe4 Bxe4 22. Bxg7 Kxg7 23. dxc5 Bd3 24. Rfe1 Rd5 25. b4 a5 26. a3 Qf6 
27. Qxf6+ Kxf6 28. Rd2 Rb8 29. Nc3 Rh5 30. b5 Ke7 31. c6 Rbxb5 32. Nxb5 Rxb5 
33. Rc1 Rc5 34. Kf2 Rd5 35. Rb2 Rf5+ 36. Ke3 Kd6 37. g3 Kxc6 38. a4 h5 
39. Rb8 Re5+ 40. Kd4 Re4+ 41. Kc3 Re3 42. Rb5 Rxg3 43. Rxa5 Rh3 44. Ra6+ Kb7 
45. Rd6 Kc7 46. Ra6 Rxh4 47. a5 Rh2 48. Ra7+ Kd6 49. Rxf7 Ra2 50. Kb4 h4 
51. Rf3 Rb2+ 52. Kc3 Rb3+ 53. Kd2 e5 54. Rh3 e4 55. Rxh4 Ra3 56. a6 Rxa6 
57. Rh6+ Kd5 58. Rxa6 c3+ 59. Kd1 c2+ 60. Ke1 Bxa6 61. Rxc2 e3 62. Rc1 Bc4 
63. Rb1 Ke5 1/2-1/2

[Event "Tuesday Night Round Robin Engine Tour 5m+1s Starts at 2200hrs ST"]
[Site "Infinity Chess"]
[Date "2018.1.24"]
[Round "11"]
[White "KULLANI"]
[Black "angriff"]
[Result "1/2-1/2"]
[ECO "B00"]
[WhiteElo "2464"]
[BlackElo "2399"]
[WhiteEngine "BrainFish_180113_x64_CTG"]
[BlackEngine "Raubfisch ME262_GTZ16b2_CTG"]
[EventType "Round Robin"]
[WhiteTeam ""]
[BlackTeam ""]
[PlyCount "118"]
[TimeControl "300+1"]

1. e4 Nc6 2. Nf3 e5 3. Bc4 Bc5 4. O-O Nf6 5. d3 d6 6. c3 O-O 7. Bg5 a5 8. a4 h6 
9. Bh4 g5 10. Bg3 Kg7 11. Nbd2 Rb8 12. Bb3 g4 13. d4 gxf3 14. dxc5 dxc5 
15. Nxf3 Qxd1 16. Rfxd1 Nxe4 17. Bxe5+ Nxe5 18. Nxe5 Nd6 19. Re1 Rd8 20. h3 Ra8 
21. g4 h5 22. f3 hxg4 23. fxg4 f5 24. Re3 Re8 25. Rae1 Be6 26. Bc2 fxg4 
27. hxg4 Bg8 28. Kf2 Re7 29. Nf3 Rxe3 30. Rxe3 Rf8 31. Re7+ Rf7 32. Re2 Rf8 
33. Re7+ Rf7 34. Re2 Rf8 35. Kg3 Bd5 36. Re7+ Rf7 37. Rxf7+ Bxf7 38. Ne5 Ba2 
39. Kf3 b6 40. Ke3 Kf6 41. Kf4 Kg7 42. Ke3 Kf6 43. Kf4 Kg7 44. g5 Bg8 45. b3 b5 
46. Nc6 c4 47. b4 axb4 48. Nxb4 bxa4 49. Bxa4 Bf7 50. Na6 Be8 51. Bxe8 Nxe8 
52. Nc5 Kg6 53. Ne6 Kf7 54. Ke5 Nd6 55. Nxc7 Nc8 56. g6+ Kxg6 57. Nb5 Nb6 
58. Kd4 Kg5 59. Nd6 Kh6 1/2-1/2

[Event "Tuesday Night Round Robin Engine Tour 5m+1s Starts at 2200hrs ST"]
[Site "Infinity Chess"]
[Date "2018.1.24"]
[Round "10"]
[White "RonWeasley"]
[Black "KULLANI"]
[Result "1-0"]
[ECO "C53"]
[WhiteElo "2512"]
[BlackElo "2479"]
[WhiteEngine "BrainFish 130117_CTG"]
[BlackEngine "BrainFish_180113_x64_CTG"]
[EventType "Round Robin"]
[WhiteTeam ""]
[BlackTeam ""]
[PlyCount "139"]
[TimeControl "300+1"]

1. e4 e5 2. Nf3 Nc6 3. Bc4 Bc5 4. c3 Nf6 5. d3 d6 6. Bb3 a5 7. Bg5 h6 8. Bh4 O-O 
9. O-O g5 10. Bg3 g4 11. Nh4 Nh5 12. a4 Qg5 13. Na3 Bd7 14. Re1 Nxg3 
15. hxg3 Qf6 16. Rf1 h5 17. Kh2 Rad8 18. Nc2 Be6 19. Bd5 Qg5 20. f4 gxf3 
21. Nxf3 Qh6 22. d4 Ba7 23. b4 Bb6 24. Nh4 Qg5 25. Qd3 Bxd5 26. exd5 Ne7 
27. bxa5 Bxa5 28. Ne3 Rde8 29. Rf3 f6 30. Raf1 Bb6 31. Nc4 f5 32. Nxf5 e4 
33. Nxe7+ Qxe7 34. Rxf8+ Rxf8 35. Rxf8+ Kxf8 36. Qe2 Qe8 37. Qe3 Qxa4 
38. Qh6+ Ke7 39. Qe6+ Kf8 40. Nxb6 cxb6 41. Qxd6+ Ke8 42. Qb8+ Kd7 43. Qxb7+ Kd6 
44. Qf7 Qd7 45. Qxd7+ Kxd7 46. c4 Kd6 47. Kg1 Kc7 48. Kf2 Kd6 49. Ke3 b5 
50. cxb5 Kxd5 51. b6 Kc6 52. b7 Kxb7 53. Kxe4 Kc6 54. Kf5 Kd5 55. Kg5 Kxd4 
56. Kxh5 Kc3 57. Kg5 Kd4 58. Kf6 Kc3 59. g4 Kb2 60. g5 Ka1 61. g6 Kb1 62. g7 Kc2 
63. g8=Q Kc3 64. Ke5 Kd3 65. Qb3+ Ke2 66. Kf4 Kf2 67. Qa2+ Kf1 68. Kf3 Kg1 
69. Kg3 Kf1 70. Qf2# 1-0

[Event "Tuesday Night Round Robin Engine Tour 5m+1s Starts at 2200hrs ST"]
[Site "Infinity Chess"]
[Date "2018.1.24"]
[Round "10"]
[White "Victorious"]
[Black "Cepri"]
[Result "1/2-1/2"]
[ECO "C55"]
[WhiteElo "2520"]
[BlackElo "2474"]
[WhiteEngine "asmFishW_2017-11-19_popcnt"]
[BlackEngine "asmFishW_12J18Mb_CTG"]
[EventType "Round Robin"]
[WhiteTeam ""]
[BlackTeam ""]
[PlyCount "143"]
[TimeControl "300+1"]

1. e4 e5 2. Nf3 Nc6 3. Bc4 Nf6 4. d3 Bc5 5. O-O d6 6. c3 O-O 7. Bg5 a5 
8. Nbd2 Ba7 9. Bb3 h6 10. Bh4 Be6 11. a4 g5 12. Bg3 Kg7 13. Nc4 Qd7 14. Re1 Rae8 
15. h3 g4 16. hxg4 Bxg4 17. Ne3 Kh7 18. Bh4 Bxe3 19. Rxe3 Nh5 20. Qd2 Rg8 
21. Bg3 Rg7 22. Nh2 Be6 23. Bc2 Qe7 24. d4 Bc8 25. d5 Nb8 26. Bd1 Nf4 
27. Rf3 Qg5 28. Rxf4 exf4 29. Nf3 Qh5 30. Qxf4 Bg4 31. Bc2 Bxf3 32. Qxf3 Qxf3 
33. gxf3 Kg8 34. Kg2 Nd7 35. Bd3 f5 36. exf5 Nc5 37. Bb5 Rf8 38. Rh1 Rxf5 
39. Rxh6 Rgf7 40. f4 Kg7 41. Rh4 R7f6 42. b4 Ne4 43. Bd3 Nxc3 44. Bxf5 Rxf5 
45. bxa5 Rxd5 46. f5 Rxa5 47. Rc4 Nd5 48. Kf3 Kf6 49. Kg4 Rc5 50. Bh4+ Kf7 
51. Rxc5 dxc5 52. Bd8 c4 53. Kf3 c6 54. a5 c3 55. Ke2 Nb4 56. Kd1 c5 57. Bh4 c2+ 
58. Kc1 Nc6 59. Kxc2 Nxa5 60. Bg5 b5 61. f3 Nc4 62. Kd3 Nb2+ 63. Ke4 b4 
64. Bc1 Na4 65. Kd3 Nb6 66. Bg5 c4+ 67. Kd4 b3 68. Bc1 Kf6 69. Bb2 Kxf5 
70. f4 Kxf4 71. Bc1+ Kf3 72. Ba3 1/2-1/2

[Event "Tuesday Night Round Robin Engine Tour 5m+1s Starts at 2200hrs ST"]
[Site "Infinity Chess"]
[Date "2018.1.24"]
[Round "10"]
[White "Eman"]
[Black "MarioDeMonti"]
[Result "1/2-1/2"]
[ECO "B50"]
[WhiteElo "2508"]
[BlackElo "2480"]
[WhiteEngine "Eman 1.67 64-bit POPCNT"]
[BlackEngine "stockfish_x64_bmi2_2018_01_13_CTG"]
[EventType "Round Robin"]
[WhiteTeam ""]
[BlackTeam ""]
[PlyCount "209"]
[TimeControl "300+1"]

1. e4 c5 2. Nf3 d6 3. Nc3 Nf6 4. d4 cxd4 5. Nxd4 a6 6. Be3 e5 7. Nf3 Be7 
8. Bc4 O-O 9. O-O Be6 10. Bxe6 fxe6 11. Na4 Ng4 12. Qd3 Nxe3 13. Qxe3 b5 
14. Nb6 Ra7 15. Nd5 Rb7 16. Nxe7+ Qxe7 17. Rad1 Nd7 18. Rd2 Rfb8 19. Rfd1 Rb6 
20. c3 Nf6 21. Ne1 a5 22. f3 Qc7 23. Nc2 d5 24. exd5 exd5 25. Re2 Re6 
26. a3 Rbe8 27. Qf2 g6 28. Ree1 R6e7 29. h3 Qc6 30. Qd2 Qc5+ 31. Qf2 Qc6 
32. Rf1 Re6 33. Qd2 Qc5+ 34. Qf2 Qc6 35. Rd3 Rf8 36. Ne3 Rf7 37. Qh4 Re8 
38. Kh1 Qe6 39. Rd2 Rd7 40. Re1 Kg7 41. Rde2 Rde7 42. Qf2 Qc6 43. Ng4 Nxg4 
44. hxg4 h6 45. Rd1 a4 46. Red2 Rd7 47. Qe3 Re6 48. Rd3 Kg8 49. Kg1 Kg7 
50. Qd2 Qc5+ 51. Qf2 Rc6 52. Re3 Re6 53. Red3 Rc6 54. Re3 Re6 55. Re4 Rc7 
56. Ree1 Qc6 57. Re2 Rd7 58. Red2 Qc4 59. Rd3 Qc6 60. Kh2 Re8 61. Qd2 Red8 
62. Re1 Re7 63. Qf2 Qc7 64. Kg1 Rd6 65. Red1 Qc6 66. Qe3 Re8 67. Kh1 g5 
68. Qe2 Re7 69. Rd4 Rdd7 70. Rb4 Rb7 71. Qe3 Re6 72. Qd3 Rd6 73. Qe3 Re6 
74. Qd2 Rd6 75. Re1 Re6 76. Rd1 Rd6 77. Qe2 Re6 78. Rf1 e4 79. fxe4 Rxe4 
80. Rxe4 dxe4 81. Qf2 Qe6 82. Qd4+ Kh7 83. Rf8 Rg7 84. Kg1 Qxg4 85. Qd5 Kg6 
86. Qe5 Rf7 87. Qd6+ Kg7 88. Re8 Qf4 89. Qd4+ Kg6 90. Rxe4 Qf1+ 91. Kh2 Rf4 
92. Qe5 Rxe4 93. Qxe4+ Kg7 94. Qb7+ Kf6 95. Qc6+ Kg7 96. Qd7+ Kg6 97. Qe8+ Kg7 
98. Qd7+ Kf6 99. Qd6+ Kg7 100. Qd4+ Kg6 101. Qe4+ Kg7 102. Qe5+ Kg6 
103. Qe8+ Kg7 104. Qe5+ Kg6 105. Qe8+ 1/2-1/2

[Event "Tuesday Night Round Robin Engine Tour 5m+1s Starts at 2200hrs ST"]
[Site "Infinity Chess"]
[Date "2018.1.24"]
[Round "10"]
[White "SkyPilot"]
[Black "OlivierEvan"]
[Result "1/2-1/2"]
[ECO "C50"]
[WhiteElo "2516"]
[BlackElo "2503"]
[WhiteEngine "stockfish_x64_bmi2_2018_01_13_CTG"]
[BlackEngine "Houdini 6"]
[EventType "Round Robin"]
[WhiteTeam ""]
[BlackTeam ""]
[PlyCount "118"]
[TimeControl "300+1"]

1. e4 e5 2. Nf3 Nc6 3. Bc4 Bc5 4. O-O Nf6 5. d3 d6 6. c3 a5 7. Re1 h6 
8. Nbd2 O-O 9. h3 Ba7 10. Nf1 Be6 11. Bb5 Ne7 12. Ng3 c6 13. Ba4 b5 14. Bc2 a4 
15. d4 Ng6 16. Be3 Bb6 17. Qd2 Re8 18. b3 Bc7 19. Red1 Ra5 20. bxa4 bxa4 
21. Qc1 Qe7 22. Re1 a3 23. Bd3 Raa8 24. c4 Ba5 25. Rd1 c5 26. d5 Bd7 27. Rb1 Qf8 
28. Nf5 Nh5 29. g3 Bxf5 30. exf5 e4 31. fxg6 fxg6 32. Bf1 Qxf3 33. g4 Nf6 
34. Qc2 Nd7 35. Bg2 Qf6 36. Bxe4 Ne5 37. Kg2 Re7 38. Rf1 Rae8 39. f3 g5 
40. Bf2 Bb4 41. Rb3 Kf8 42. Bf5 Nf7 43. Be4 Ne5 44. Rfb1 Kg8 45. Rc1 Kf8 
46. Kh1 Kf7 47. Bf5 Ng6 48. Be6+ Kf8 49. Bg3 Nf4 50. Bxf4 Qxf4 51. Rf1 Rxe6 
52. dxe6 Rxe6 53. Kg2 Be1 54. Rxa3 Qg3+ 55. Kh1 Qxh3+ 56. Kg1 Qg3+ 57. Kh1 Qh3+ 
58. Kg1 Qg3+ 59. Kh1 Qh3+ 1/2-1/2